 Dungeon Crawl Stone Soup version 0.26.0-91-g99b343417d (webtiles) character file.

Game seed: 2839394603312532351

50 growler the Gusty (level 3, -3/19 HPs)
             Began as a Tengu Air Elementalist on Feb 3, 2021.
             Slain by an orc wizard
             ... wielding a +0 dagger
              (4 damage)
             ... on level 3 of the Dungeon.
             The game lasted 00:04:25 (2569 turns).

growler the Gusty (Tengu Air Elementalist)          Turns: 2569, Time: 00:04:26

Health: -3/19      AC:  2    Str:  8    XL:     3   Next: 79%
Magic:  5/8        EV: 12    Int: 16    God:
Gold:   106        SH:  0    Dex: 14    Spells: 1/7 levels left

rFire    . . .     SeeInvis .   c - +0 dagger
rCold    . . .     Faith    .   (no shield)
rNeg     . . .     Spirit   .   a - +0 robe
rPois    .         Reflect  .   (helmet restricted)
rElec    .         Harm     .   (no cloak)
rCorr    .         Rampage  .   (no gloves)
Will     .....                  (boots unavailable)
Stlth    ++........             (no amulet)
HPRegen  0.06/turn              (no ring)
MPRegen  0.11/turn              (no ring)

@: no status effects
A: beak, talons 3
a: no special abilities


You were on level 3 of the Dungeon.
You visited 1 branch of the dungeon, and saw 3 of its levels.

You collected 106 gold pieces.

Inventory:

Hand Weapons
 c - a +0 dagger (weapon)
   (You took it off a goblin on level 1 of the Dungeon)
Armour
 a - a +0 robe (worn)
Scrolls
 b - a scroll of amnesia {unknown}
 d - 3 scrolls of remove curse {unknown}
 e - a scroll of teleportation {unknown}
 f - a scroll of blinking {unknown}
Potions
 g - a potion of haste {unknown}
 h - a potion of degeneration {unknown}
 i - a potion of heal wounds {unknown}


   Skills:
 - Level 2.1 Dodging
 - Level 2.0 Stealth
 + Level 2.6 Spellcasting
 + Level 2.9 Conjurations
 + Level 4.8 Air Magic


You had one spell level left.
You knew the following spells:

 Your Spells              Type           Power        Failure   Level
a - Shock                 Conj/Air       56%          4%          1
d - Static Discharge      Conj/Air       14%          12%         3
s - Swiftness             Air            17%          4%          2

Your spell library contained the following spells:

 Spells                   Type           Power        Failure   Level
 Airstrike                Air            8%           26%         4
 Lightning Bolt           Conj/Air       7%           73%         5


Dungeon Overview and Level Annotations

Branches:
Dungeon (3/15)

Altars:
Gozag
Trog


Innate Abilities, Weirdness & Mutations

You have a beak for a mouth.
You have claws for feet.


Message History

The goblin shoots a stone.
The stone hits you but does no damage.
The orc shouts!
You see here a stone.
The goblin shoots a stone.
The stone hits you.
An orc comes into view. It is wielding a -3 flail.
You see here a stone.
The goblin unwields a +0 hunting sling.
The goblin wields a +0 dagger.
The goblin hits you but does no damage.
The orc wizard shouts!
You hit the goblin but do no damage.
You hear a shout!
The goblin closely misses you.
You hear a shout!
You hit the goblin.
You kill the goblin!
You completely miss the orc. Your kick misses the orc.
You peck the orc, but do no damage. The orc hits you but does no damage.
You hit the orc. The orc closely misses you.
The orc wizard gestures wildly while chanting.
The orc wizard blinks!
You hit the orc. The orc closely misses you.
You hit the orc.
You kill the orc!
The orc wizard casts a spell.
The orc wizard blinks!
You hit the orc but do no damage. You peck the orc.
The orc wizard casts a spell.
The orc wizard seems to speed up.
The orc closely misses you.
You hit the orc but do no damage. The orc wizard casts a spell at you.
The magic dart hits you!
* * * LOW HITPOINT WARNING * * *
An orc wizard comes into view. It is wielding a +0 dagger.
You closely miss the orc.
The orc wizard casts a spell.
The orc wizard blinks!
The orc hits you with a cursed -3 flail!
* * * LOW HITPOINT WARNING * * *
The orc wizard miscasts a cantrip.
The zap hits the orc.
The zap hits the orc wizard but does no damage.
The zap hits the orc wizard.
The orc barely misses you.
The orc wizard casts a spell.
The orc wizard blinks!
The zap hits the orc.
You kill the orc!
The zap hits the orc wizard. x2
The orc wizard hits you but does no damage.
The orc wizard hits you with a +0 dagger.
You die...

### ..# #.# #o#
#)# #@# #o# #(#
#ยง# ###.###
#..(..#
##########.....#
...............#
..#
#######.##.....#


You could see 2 orc wizards.

Vanquished Creatures
  An adder (D:2)
  A dart slug (D:1)
  2 orcs (D:3)
  7 bats
  A giant cockroach (D:1)
  9 goblins
  3 hobgoblins (D:1)
  2 jackals (D:2)
  4 kobolds
  A quokka (D:2)
  A ball python (D:2)
  A frilled lizard (D:2)
  4 rats (D:1)
37 creatures vanquished.

Notes
Turn   | Place    | Note
-------+----------+-------------------------------------------
     0 | D:1      | growler the Tengu Air Elementalist began the quest for the
                  | Orb.
     0 | D:1      | Reached XP level 1. HP: 10/10 MP: 4/4
   361 | D:1      | Reached XP level 2. HP: 15/15 MP: 1/6
  1342 | D:2      | Reached XP level 3. HP: 19/19 MP: 5/7
  1848 | D:2      | Learned a level 2 spell: Swiftness
  1852 | D:2      | Learned a level 3 spell: Static Discharge
  2337 | D:2      | Found a bloodstained altar of Trog.
  2337 | D:2      | Found an opulent altar of Gozag.
  2569 | D:3      | Slain by an orc wizard

Illustrated notes

Levels and vault maps discovered:
D:1:      dpeg_arrival_rooms_with_view, layout_basic
D:2:      layout_loops_corners, gammafunk_temple_overflow_pools,
          corexii_leaking_fountain
D:3:      layout_loops_ring, chequers_jeans

Skill      XL: |  1  2 |
---------------+-------+-----
Conjurations   | 2 |  2.9
Dodging        | |  2.1
Stealth        | |  2.0
Spellcasting   | |  2.6
Air Magic      | |  4.8

Action                   || total
-------------------------++-------
Melee: Dagger            ||    29
       Kick              ||     3
       Peck              ||     2
 Cast: Shock             ||    64
 Stab: Sleeping          ||     1
Armor: Robe              ||    11
Dodge: Dodged            ||    23
